 Dungeon Crawl Stone Soup version 0.30.1-11-g7821555f0a (webtiles) character file.

Game seed: 3857619022619911328

9 anacleto the Cudgeller (level 2, 27/27 HPs)
             Began as a Troll Gladiator on Dec 9, 2023.
             Quit the game on level 1 of the Dungeon.
             The game lasted 00:00:36 (87 turns).

anacleto the Cudgeller (Troll Gladiator)              Turns: 87, Time: 00:00:36

Health: 27/27      AC:  4    Str: 21    XL:     2   Next: 3%
Magic:  1/1        EV: 10    Int:  4    God:
Gold:   15         SH:  0    Dex: 11    Spells: 1/1 levels left

rFire   . . .        a - +0 flail
rCold   . . .        (no shield)
rNeg    . . .        b - +0 robe
rPois   .            c - +0 hat
rElec   .            (no cloak)
rCorr   .            (gloves unavailable)
SInv    .            (boots unavailable)
Will    .....        (no amulet)
Stlth   +            (no ring)
HPRegen 1.04/turn    (no ring)
MPRegen 0.07/turn

%: no passive effects
@: no status effects
A: large, unfitting armour, claws 3, regeneration 1, shaggy fur 1, tough skin 1
a: no special abilities


You were on level 1 of the Dungeon.
You visited 1 branch of the dungeon, and saw 1 of its levels.

You collected 15 gold pieces.

Inventory:

Hand Weapons
 a - a +0 flail (weapon)
Missiles
 d - 3 throwing nets (quivered)
 e - a large rock
Armour
 b - a +0 robe (worn)
 c - a +0 hat (worn)
Potions
 f - a potion of resistance {unknown}


   Skills:
 - Level 1.5 Fighting
 * Level 3.1 Maces & Flails
 + Level 2.0 Throwing
 - Level 2.4 Dodging


You had one spell level left.
You didn't know any spells.
Your spell library was empty.

Dungeon Overview and Level Annotations

Branches:
Dungeon (1/15)

Altars:


Innate Abilities, Weirdness & Mutations

You are too large for most types of armour.
You have claws for hands.
Your natural rate of healing is unusually fast.
You are covered in fur. (AC +1)
You have tough skin. (AC +1)


Message History

You hit the ball python.
You kill the ball python!
You sock the hobgoblin!
You kill the hobgoblin!
You hit the endoplasm.
The endoplasm is severely wounded.
The endoplasm hits you.
You hit the endoplasm.
You kill the endoplasm!
Things that are here:
a hobgoblin corpse; a bat corpse
f - a fizzy green potion A hobgoblin comes into view.
The hobgoblin shouts!
A hobgoblin is nearby!
The hobgoblin closely misses you. The hobgoblin hits you.
You hit the hobgoblin.
You kill the hobgoblin!
Your Maces & Flails skill increases to level 3!
Your Throwing skill increases to level 2!
An endoplasm comes into view.
The endoplasm quivers.
You see here a hobgoblin corpse.
An endoplasm is nearby!
The endoplasm freezes you.
You are frozen.
You sock the endoplasm!
You kill the endoplasm!
You have reached level 2!
A frilled lizard comes into view.
A frilled lizard is nearby!
Found 9 gold pieces.
The frilled lizard hisses angrily.
You hit the frilled lizard.
You kill the frilled lizard!
Found a stone staircase leading down.
An endoplasm comes into view.
An endoplasm is nearby!
Are you sure you want to abandon this character and quit the game? (Confirm with "yes".)

#.......# ....#####.####
.## #....# .. ####.# # #.
#.# .. ..##.##########
#.# ...#.... .........
###.#
###..#.##.##........
#....
$.....#.....@.......
#.#.# ...#..#...........
####.#.#
......##.#....>..J
#......# #.#....#........
#.##.### #...............
#.##....
##..####.#########.######
#.......#..†......#
######.........#########
#.......#####..#


You could see an endoplasm (asleep).

Vanquished Creatures
  A ball python (D:1)
  A bat (D:1)
  2 endoplasms (D:1)
  2 hobgoblins (D:1)
  A frilled lizard (D:1)
7 creatures vanquished.

Notes
Turn   | Place    | Note
-------+----------+-------------------------------------------
     0 | D:1      | anacleto the Troll Gladiator began the quest for the Orb.
     0 | D:1      | Reached XP level 1. HP: 19/19 MP: 0/0
    73 | D:1      | Reached skill level 3 in Maces & Flails
    78 | D:1      | Reached XP level 2. HP: 27/27 MP: 1/1
    87 | D:1      | Quit the game

Illustrated notes

Levels and vault maps discovered:
D:1:      scummos_arrival_checkerplants, layout_loops_cross,
          ebering_ecumenical_altar_rust, serial_shops, nicolae_shop_waterfront,
          grunt_decor_clamped, minmay_tromino_mix6

Skill      XL: |  1 |
---------------+----+-----
Maces & Flails | 3 |  3.1
Throwing       | 2 |  2.0
Fighting       | |  1.5
Dodging        | |  2.4

Action                     || total
---------------------------++-------
  Melee: Flail             ||    19
 Armour: Robe              ||    11
  Dodge: Dodged            ||    29
